 Dungeon Sprint DCSS version 0.21-a0-434-g806c6c2 (webtiles) character file.

5944 mastercheaf21 the Severer (level 10, -6/154 HPs)
             Began as a Minotaur Berserker on Nov 9, 2017.
             Was the Champion of Trog.
             Mangled by an orc knight
             ... wielding a +0 long sword
              (10 damage)
             ... in the Dungeon (Sprint IX: "|||||||||||||||||||||||||||||").
             The game lasted 00:16:33 (2428 turns).

mastercheaf21 the Severer (Minotaur Berserker)      Turns: 2428, Time: 00:16:35

Health: -6/154     AC: 12    Str: 33    XL:     10   Next: 54%
Magic:  9/9        EV: 11    Int:  4    God:    Trog [******]
Gold:   659        SH:  0    Dex: 10    Spells: 9/9 levels left

rFire    . . .     SeeInvis .   C - +9 great sword of Extinguishment {flame, *Drain rElec rPois rN+}
rCold    . . .     Gourm    .   (shield currently unavailable)
rNeg     + . .     Faith    .   q - +1 scale mail
rPois    +         Spirit   .   (helmet unavailable)
rElec    +         Reflect  .   F - +0 cloak
rCorr    .         Harm     .   p - +0 pair of gloves
MR       ++...     NoTele   +   E - +0 pair of boots
Stlth    ..........             (no amulet)
HPRegen  1.35/turn              r - +2 ring of protection
MPRegen  0.11/turn              s - +3 ring of strength

@: berserking, regenerating, very quick
A: retaliatory headbutt, horns 3
a: Berserk, Trog's Hand, Brothers in Arms, Burn Spellbooks, Renounce Religion


You were in the Dungeon.
You worshipped Trog.
Trog was exalted by your worship.
You were not hungry.

You visited 1 branch You collected 659 gold pieces.

Inventory:

Hand Weapons
 a - a +0 falchion
 m - a +2 dire flail of crushing
 n - a +2 scimitar of holy wrath
 o - the +3 war axe "Arcanum" {chop, rPois Int+3 Stlth-}
   (You found it in the Dungeon)

   It inflicts extra damage upon your enemies.
   It affects your intelligence (+3).
   It protects you from poison.
   It makes you less stealthy.
 t - a +4 antimagic great sword
 z - a +3 antimagic executioner's axe
 A - a +7 battleaxe of flaming
 C - the +9 great sword of Extinguishment (weapon) {flame, *Drain rElec rPois rN+}
   (Trog gifted it to you in the Dungeon)

   It has been specially enchanted to burn those struck by it, causing extra
   injury to most foes and up to half again as much damage against particularly
   susceptible opponents.
   Big, fiery blades are also staple armaments of hydra-hunters.
   It insulates you from electricity.
   It protects you from poison.
   It protects you from negative energy.
   It causes draining when unequipped.
 G - a +2 antimagic glaive
Armour
 b - a +0 animal skin
 p - a +0 pair of gloves (worn)
 q - a +1 scale mail (worn)
 E - a +0 pair of boots (worn)
 F - a +0 cloak (worn)
Jewellery
 r - a +2 ring of protection (left hand)
 s - a +3 ring of strength (right hand)
Wands
 l - a wand of acid (7/15)
Scrolls
 i - 2 scrolls of blinking
 k - 3 scrolls of remove curse
 w - a scroll of fog
 x - 6 scrolls of enchant weapon
 y - a scroll of identify
Potions
 d - 6 potions of curing
 e - 5 potions of heal wounds
 f - 3 potions of haste
 g - 4 potions of magic
 h - a potion of berserk rage
 j - a potion of invisibility
 u - a potion of agility
 v - 2 potions of brilliance
Comestibles
 c - 40 fruits
 B - 12 bread rations
 D - 12 meat rations
 H - 2 chunks of flesh


   Skills:
 - Level 14.2 Fighting
 + Level 14.9 Long Blades
 - Level 20.0 Axes
 - Level 2.4 Armour
 - Level 2.1 Dodging


You had 9 spell levels left.
You didn't know any spells.

Dungeon Overview and Level Annotations

Branches:
Dungeon (1/1)

Altars:
Cheibriados
Dithmenos
Elyvilon
Fedhas
Gozag
Hepliaklqana
Kikubaaqudgha
Makhleb
Nemelex Xobeh
Okawaru
Qazlal
Ru
Sif Muna
Trog
Uskayaw
Vehumet
Wu Jian
Xom
Yredelemnul
Zin
The Shining One
Beogh
Jiyva
Lugonu


Innate Abilities, Weirdness & Mutations

You reflexively headbutt those who attack you in melee.
You have a pair of large horns on your head.


Message History

Your skin crawls.
You feel resistant to hostile enchantments.
You feel somewhat more hungry.
The orc knight hits you but does no damage.
A red film seems to cover your vision as you go berserk!
You feel yourself moving faster!
You feel mighty!
You feel a lot more hungry.
The orc knight hits you with an enchanted great mace!!
* * * LOW HITPOINT WARNING * * *
You slice the orc knight like a ripe choko!!!
You burn the orc knight!
You kill the orc knight!
Trog accepts your kill.
You closely miss the orc knight. You slash the orc knight!
You burn the orc knight.
The orc knight is moderately wounded.
The orc knight no longer looks unusually strong.
The orc no longer looks unusually strong.
The orc warrior no longer looks unusually strong.
The orc knight hits you with a long sword!
You die...

▓.▓.▓.▓_▓
▓o▓.▓.▓.▓_▓
▓o▓.▓.▓.▓_▓
▓o▓.▓.▓.▓_▓
▓o▓.▓.▓.▓_▓
▓$▓.▓%▓.▓_▓
▓o▓.▓(▓.▓_▓
▓o▓.▓.▓.▓_▓
▓@▓.▓.▓.▓_▓
▓)▓.▓.▓.▓_▓
▓.▓.▓.▓.▓_▓
▓.▓.▓.▓.▓_▓
▓.▓.▓.▓.▓_▓
▓.▓.▓.▓.▓_▓
▓.▓.▓.▓.▓_▓
▓.▓.▓÷▓.▓_▓
▓.▓.▓÷▓.▓_▓


You could see 2 orc knights, an orc sorcerer, 2 orc warriors and an orc.

Vanquished Creatures
  A centaur warrior (D)
  An orc knight (D)
  A spiny frog (D)
  2 rime drakes (D)
  A troll (D)
  A hornet (D)
  3 hippogriffs (D)
  A wyvern (D)
  A warg (D)
  6 water moccasins (D)
  A hell hound (D)
  3 porcupines (D)
  A sky beast (D)
  5 orc warriors (D)
  An ogre (D)
  6 wolves (D)
  2 centaurs (D)
  3 bullfrogs (D)
  A killer bee (D)
  A howler monkey (D)
  3 orc priests (D)
  3 orc wizards (D)
  An iguana (D)
  2 worker ants (D)
  An adder (D)
  An adder zombie (D)
  2 dart slugs (D)
  5 orcs (D)
  2 goblins (D)
  A rat (D)
63 creatures vanquished.

Vanquished Creatures (others)
  2 spatial maelstroms (D)
2 creatures vanquished.

Grand Total: 65 creatures vanquished

Notes
Turn   | Place    | Note
-------+----------+-------------------------------------------
     0 | D        | mastercheaf21 the Minotaur Berserker began the quest for the Orb.
     0 | D        | Reached XP level 1. HP: 19/19 MP: 0/0
     0 | D        | Banished a spatial maelstrom
     6 | D        | Reached skill level 5 in Long Blades
    10 | D        | Reached ** piety under Trog
    15 | D        | Reached XP level 2. HP: 25/26 MP: 1/1
    20 | D        | Noticed a centaur
    20 | D        | Noticed a centaur
    20 | D        | Noticed a howler monkey
    22 | D        | Reached *** piety under Trog
    22 | D        | Reached XP level 3. HP: 31/31 MP: 2/2
    26 | D        | Reached skill level 10 in Long Blades
    26 | D        | Reached XP level 4. HP: 37/39 MP: 3/3
    27 | D        | Banished a spatial maelstrom
    31 | D        | Killed a centaur
    31 | D        | Reached XP level 5. HP: 39/45 MP: 4/4
    38 | D        | Killed a centaur
    38 | D        | Reached **** piety under Trog
   167 | D        | Found a roughly hewn altar of Beogh.
   167 | D        | Found a snail-covered altar of Cheibriados.
   167 | D        | Found a shadowy altar of Dithmenos.
   167 | D        | Found a white marble altar of Elyvilon.
   167 | D        | Found a blossoming altar of Fedhas.
   167 | D        | Found an opulent altar of Gozag.
   168 | D        | Found a hazy altar of Hepliaklqana.
   169 | D        | Found a viscous altar of Jiyva.
   170 | D        | Found an ancient bone altar of Kikubaaqudgha.
   171 | D        | Found a corrupted altar of Lugonu.
   172 | D        | Found a burning altar of Makhleb.
   173 | D        | Found a sparkling altar of Nemelex Xobeh.
   174 | D        | Found an iron altar of Okawaru.
   175 | D        | Found a stormy altar of Qazlal.
   176 | D        | Found a sacrificial altar of Ru.
   177 | D        | Found a deep blue altar of Sif Muna.
   178 | D        | Found a bloodstained altar of Trog.
   179 | D        | Found a hide-covered altar of Uskayaw.
   180 | D        | Found a radiant altar of Vehumet.
   181 | D        | Found an ornate altar of the Wu Jian Council.
   182 | D        | Found a shimmering altar of Xom.
   183 | D        | Found a basalt altar of Yredelemnul.
   184 | D        | Found a glowing silver altar of Zin.
   185 | D        | Found a glowing golden altar of the Shining One.
   210 | D        | Got the +3 war axe "Arcanum" {chop, rPois Int+3 Stlth-}
   242 | D        | Noticed a wyvern
   242 | D        | Noticed an ogre
   246 | D        | Killed an ogre
   246 | D        | Reached skill level 6 in Axes
   246 | D        | Reached XP level 6. HP: 41/51 MP: 5/5
   249 | D        | Killed a wyvern
   249 | D        | Reached skill level 9 in Axes
   252 | D        | Reached skill level 10 in Axes
   256 | D        | Reached ***** piety under Trog
   261 | D        | Reached XP level 7. HP: 23/57 MP: 6/6
   457 | D        | Noticed a centaur warrior
   457 | D        | Noticed a hornet
   457 | D        | Noticed a troll
   460 | D        | Killed a troll
   460 | D        | Reached skill level 13 in Axes
   462 | D        | Received a gift from Trog
   466 | D        | Paralysed by a hornet for 1 turns
   470 | D        | Killed a hornet
   470 | D        | Reached skill level 14 in Axes
   470 | D        | Reached XP level 8. HP: 64/64 MP: 7/7
   471 | D        | Killed a centaur warrior
   471 | D        | Reached skill level 17 in Axes
   522 | D        | Gained mutation: You have a pair of large horns on your head. [mutagenic meat]
   722 | D        | Reached XP level 9. HP: 70/70 MP: 8/8
   725 | D        | Reached skill level 18 in Axes
   727 | D        | Received a gift from Trog
   731 | D        | Reached skill level 19 in Axes
   732 | D        | Noticed a spiny frog
   733 | D        | Noticed a rime drake
   742 | D        | Killed a spiny frog
   745 | D        | Killed a rime drake
   745 | D        | Reached ****** piety under Trog
   745 | D        | Reached skill level 20 in Axes
  1012 | D        | Noticed a rime drake
  1018 | D        | Received a gift from Trog
  1018 | D        | Reached skill level 5 in Fighting
  1030 | D        | Received a gift from Trog
  1032 | D        | Killed a rime drake
  1043 | D        | Reached skill level 10 in Fighting
  1043 | D        | Reached XP level 10. HP: 61/94 MP: 9/9
  1235 | D        | Received a gift from Trog
  1250 | D        | Got a brightly glowing great sword {god gift}
  1251 | D        | Identified the +9 great sword of Extinguishment {flame, *Drain rElec rPois rN+} (Trog gifted it to you in the Dungeon)
  2180 | D        | Received a gift from Trog
  2181 | D        | Received a gift from Trog
  2411 | D        | Noticed an orc knight
  2411 | D        | Noticed an orc knight
  2412 | D        | Noticed an orc knight
  2412 | D        | Received a gift from Trog
  2413 | D        | Noticed an orc sorcerer
  2422 | D        | HP: 5/103 [orc knight/enchanted great mace (19)]
  2425 | D        | HP: 1/154 [orc knight/enchanted great mace (19)]
  2426 | D        | Killed an orc knight
  2428 | D        | Mangled by an orc knight

Vault maps used:
D:        linesprint

Skill      XL: |  1  2  3  4  5  6  7  8  9 10 |
---------------+-------------------------------+-----
Long Blades    | 6 8 10 12 14 | 14.9
Axes           | 6 10 14 17 20 | 20.0
Fighting       | 10 14 | 14.2
Armour         | |  2.4
Dodging        | |  2.1

Action                   |  1- 3 |  4- 6 |  7- 9 | 10-12 || total
-------------------------+-------+-------+-------+-------++-------
Melee: Falchion          |    15 |     9 |       |       ||    24
       Headbutt          |     3 |     7 |    16 |    12 ||    38
       Scimitar          |       |    18 |    15 |       ||    33
       War axe           |       |       |    53 |    29 ||    82
       Great sword       |       |       |       |    33 ||    33
Invok: Berserk           |       |       |     1 |     1 ||     2
       Trog's Hand       |       |       |       |     1 ||     1
  Use: Potion            |       |       |       |     2 ||     2
  Eat: Chunk             |       |       |     2 |     2 ||     4
       Bread ration      |       |       |       |     1 ||     1
Armor: Animal skin       |     1 |       |       |       ||     1
       Scale mail        |       |     3 |    30 |    13 ||    46
Dodge: Dodged            |    10 |    11 |    31 |    22 ||    74
       Rpst.: Falchion   |     4 |     1 |       |       ||     5
       Scimitar          |       |     2 |     2 |       ||     4
       Great sword       |       |       |       |     4 ||     4

Table legend:
 A = Spawn XP
 B = Non-spawn XP
 C = Spawn XP percentage of total XP
 D = Spawn monster count
 E = Non-spawn monster count
 F = Spawn count percentage of total count
 G = Total turns spent on level
                    A         B        C        D         E        F      G
               +---------+---------+-------+---------+---------+-------+---------
         Total |       0 |    8492 |   0.0 |       0 |      63 |   0.0 |  2428
               +---------+---------+-------+---------+---------+-------+---------
             D |       0 |    8492 |   0.0 |       0 |      63 |   0.0 |  2428
               +---------+---------+-------+---------+---------+-------+---------
